 Seeded DCSS version 0.30.1-4-g462c640d31 (webtiles) character file.

Game seed: 6351066067085065685 (custom seed)

189032 Esekla the Sorcerer (level 17, -11/104 HPs)
             Began as a Deep Elf Wanderer on Sept 16, 2023.
             Was a High Priest of Vehumet.
             Mangled by a merfolk
             ... wielding a +0 trident
              (21 damage)
             ... on level 4 of the Shoals on Sept 17, 2023.
             The game lasted 04:27:34 (31990 turns).

Esekla the Sorcerer (Deep Elf Wanderer)            Turns: 31990, Time: 04:27:35

Health: -11/104    AC: 16    Str:  9    XL:     17   Next: 49%
Magic:  45/47      EV: 16    Int: 30    God:    Vehumet [*****.]
Gold:   1870       SH:  4    Dex: 11    Spells: 4/64 levels left

rFire   . . .        a - +4 quick blade (protect)
rCold   . . .        d - +0 buckler
rNeg    + . .        m - +0 steam dragon scales
rPois   +            x - +2 helmet {Int+3}
rElec   +            T - scarf {repulsion}
rCorr   .            l - +0 pair of gloves
SInv    .            p - +2 pair of boots {rampage}
Will    +....        A - amulet of magic regeneration
Stlth   ++           Q - ring of Greed {rElec rPois rN+ AC+4 Str-2}
HPRegen 0.37/turn    S - ring of the Mage {Wiz Archmagi}
MPRegen 0.70/turn

%: repel missiles, rampage, wizardry (x1), archmagi
@: afraid, wereblooded, mesmerised, slightly contaminated, slowed, studying
Fighting, very slow
A: no striking features
}: 1/15 runes: gossamer
a: Renounce Religion


You were on level 4 of the Shoals.
You worshipped Vehumet.
Vehumet was extremely pleased with you.
You visited 5 branches of the dungeon, and saw 27 of its levels.
You also visited: Trove and Bailey.

You collected 4636 gold pieces.
You spent 2766 gold pieces at shops.

Inventory:

Hand Weapons
 a - a +4 quick blade of protection (weapon)
 c - a +9 scimitar of flaming
 e - a +2 demon blade of electrocution
 r - a +4 trident of venom
Missiles
 w - 70 poisoned darts
 E - 7 curare-tipped darts
 U - 15 boomerangs (quivered)
Armour
 d - a +0 buckler (worn)
 l - a +0 pair of gloves (worn)
 m - +0 steam dragon scales (worn)
 n - a +2 robe of cold resistance
 p - a +2 pair of boots of rampaging (worn)
 s - the +1 animal skin "Kougi" {rPois rF++ MP+9}
   (You found it on level 2 of the Shoals)

   rF:        It greatly protects you from fire.
   rPois:     It protects you from poison.
   MP:        It affects your magic capacity (+9).
 x - a +2 helmet of intelligence (worn)
 D - a +1 cloak
 T - a scarf of repulsion (worn)
Jewellery
 g - a ring of see invisible
 q - the ring of Akemeir {Fire Str+4}
   (You found it in a treasure trove)

   [ring of fire]

   It enhances your fire magic.
   Str:       It affects your strength (+4).
   rF:        It protects you from fire.
   rC:        It makes you vulnerable to cold.
 A - an amulet of magic regeneration (around neck)
 N - the ring of Descent {rPois rC+ Int+5 Stlth-}
   (You found it in a treasure trove)

   [ring of protection from cold]

   Int:       It affects your intelligence (+5).
   rC:        It protects you from cold.
   rPois:     It protects you from poison.
   Stlth:     It makes you less stealthy.
 O - a ring of ice
 Q - the ring of Greed (left hand) {rElec rPois rN+ AC+4 Str-2}
   (You bought it in a shop on level 2 of the Dungeon)

   [ring of protection]

   AC:        It affects your AC (+4).
   Str:       It affects your strength (-2).
   rElec:     It insulates you from electricity.
   rPois:     It protects you from poison.
   rN:        It protects you from negative energy.
 S - the ring of the Mage (right hand) {Wiz Archmagi}
   (You bought it in a shop on level 2 of the Dungeon)

   [ring of wizardry]

   It improves your spell success rate.
   Archmagi:  It increases the power of your magical spells.
Wands
 i - a wand of roots (23)
 C - a wand of flame (25)
 G - a wand of quicksilver (3)
 J - a wand of digging (16)
 M - a wand of mindburst (6)
Scrolls
 k - 5 scrolls of blinking
 u - 4 scrolls of fog
 y - 2 scrolls of silence
 z - 2 scrolls of magic mapping
 B - 5 scrolls of fear
 F - 6 scrolls of teleportation
 H - 3 scrolls of poison
 L - 3 scrolls of enchant armour
Potions
 b - 6 potions of lignification
 f - 9 potions of attraction
 h - 8 potions of heal wounds
 j - 6 potions of curing
 o - 5 potions of might
 t - 6 potions of brilliance
 v - 6 potions of ambrosia
 I - 2 potions of resistance
 K - 12 potions of haste
 P - 4 potions of cancellation
 R - 3 potions of magic
 V - 4 potions of flight


   Skills:
 * Level 11.1 Fighting
 + Level 2.1(2.9) Short Blades
 + Level 2.6(3.0) Long Blades
 + Level 1.6 Throwing
 * Level 12.7 Dodging
 + Level 4.1 Stealth
 - Level 3.6 Shields
 * Level 24.0 Spellcasting
 + Level 6.1 Conjurations
 + Level 11.4 Necromancy
 + Level 5.5 Translocations
 - Level 4.0 Transmutations
 + Level 6.9 Fire Magic
 + Level 7.2 Ice Magic
 + Level 11.2 Air Magic
 * Level 9.6 Earth Magic
 + Level 5.9 Poison Magic
 + Level 1.0 Invocations
 + Level 0.7 Evocations


You had 4 spell levels left.
You knew the following spells:

 Your Spells              Type           Power      Damage    Failure   Level
b - Blink                 Tloc           100%       N/A       1%          2
c - Mephitic Cloud        Conj/Pois/Air  89%        N/A       1%          3
d - Vampiric Draining     Necr           100%       2d13      1%          3
e - Conjure Ball Lightni  Conj/Air       46%        3x3d16    1%          6
f - Fireball              Conj/Fire      42%        3d17      1%          5
i - Irradiate             Conj/Tmut      39%        3d24      1%          5
k - Airstrike             Air            50%        2d(8-24)  1%          4
l - Lee's Rapid Deconstr  Erth           48%        3d23*     1%          5
n - Ignite Poison         Fire/Tmut/Pois 81%        N/A       1%          3
p - Apportation           Tloc           100%       N/A       1%          1
r - Frozen Ramparts       Ice            100%       1d16      1%          3
t - Teleport Other        Tloc           81%        N/A       1%          3
v - Poisonous Vapours     Pois/Air       100%       N/A       1%          2
w - Wereblood             Tmut           74%        N/A       1%          2
x - Olgreb's Toxic Radia  Pois           82%        N/A       1%          4
y - Sticky Flame          Conj/Fire      85%        2d10      1%          4
z - Freezing Cloud        Conj/Ice/Air   45%        6-21      1%          5

Your spell library contained the following spells:

 Spells                   Type           Power      Damage    Failure   Level
 Iron Shot                Conj/Erth      45%        9d9       1%          6
 Sublimation of Blood     Necr           100%       N/A       0%          2
 Foxfire                  Conj/Fire      100%       2x1d9     1%          1
 Freeze                   Ice            100%       1d10      1%          1
 Magic Dart               Conj           100%       1d8       1%          1
 Sting                    Tmut/Pois      100%       1d8       1%          1
 Lesser Beckoning         Tloc           100%       N/A       1%          2
 Gell's Gravitas          Tloc           81%        N/A       1%          3
 Hailstorm                Conj/Ice       85%        3d17      1%          3
 Portal Projectile        Hex/Tloc       100%       N/A       1%          3
 Spider Form              Tmut/Pois      78%        N/A       1%          3
 Vhi's Electric Charge    Tloc/Air       100%       N/A       1%          3
 Manifold Assault         Tloc           81%        N/A       1%          4
 Passage of Golubria      Tloc           81%        N/A       1%          4
 Petrify                  Tmut/Erth      86%        N/A       1%          4
 Summon Ice Beast         Ice/Summ       72%        N/A       1%          4
 Cause Fear               Hex            26%        N/A       4%          4
 Arcjolt                  Conj/Air       46%        1d56      1%          5
 Silence                  Hex/Air        40%        N/A       1%          5
 Plasma Beam              Fire/Air       47%        2x1d67    1%          6
 Starburst                Conj/Fire      42%        6d12      1%          6
 Dispersal                Tloc           40%        N/A       8%          6
 Maxwell's Capacitive Co  Air            50%        ∞         9%          8
 Summon Mana Viper        Hex/Summ       52%        N/A       13%         5
 Lehudib's Crystal Spear  Conj/Erth      45%        10d11     30%         8
 Ignition                 Fire           43%        3d12      41%         8
 Disjunction              Tloc           40%        N/A       95%         8
 Summon Hydra             Summ           26%        N/A       98%         7


Dungeon Overview and Level Annotations

Branches:
Dungeon (12/15)            Temple (0/1) D:6            Lair (5/5) D:11
 Shoals (4/4) Lair:2       Spider (4/4) Lair:3        Slime (0/5) Lair:5
    Orc (2/2) D:10            Elf (0/3) Orc:2        Bailey (visited)

Altars:
Dithmenos
Fedhas
Hepliaklqana
Nemelex Xobeh
Okawaru
Qazlal
Ru
Trog
Uskayaw
Vehumet
Zin
The Shining One
Jiyva

Shops:
D:2 =   D:4 (   D:11 *   Orc:2 **[:   Shoals:2 (   Shoals:3 !

Portals:
Pandemonium: Orc:2


Message History

The harpy misses you.
A satyr comes into view. It is wielding a +0 quarterstaff.
The faun unwields a +0 spear.
The faun wields a +0 sling.
The faun shoots a sling bullet.
The sling bullet closely misses you.
The satyr hits you from afar with a +0 spear!!
The merfolk hits you from afar with a +0 trident!
The harpy claws you. x2
The merfolk avatar chants a haunting song.
You are mesmerised by the merfolk avatar!
The satyr plays a frightful melody on his pipes!
The satyr radiates an aura of fear!
You resist with almost no effort.
The satyr plays a frightful melody on his pipes!
The satyr radiates an aura of fear!
You are terrified of the satyr!
Unknown command.
Casting: Vampiric Draining (safe; 1% risk of failure)
Confirm with . or Enter, or press ? or * to list all spells.
Aiming: Mephitic Cloud (safe; 1% risk of failure)
Press: ? - help, Shift-Dir - straight line, f - sphinx
Aim: a sphinx (chance to affect: 24%)
Okay, then.
Unknown command.
You feel much better.
The pull of its song draws you forwards.
A satyr and a snapping turtle come into view.
The harpy claws you. The harpy misses you. You block the harpy's attack.
The harpy claws you. The merfolk hits you with a +0 trident.
A manticore comes into view.
The sphinx casts a spell.
Something smites you!
The merfolk avatar chants its luring song.
A merfolk comes into view. It is wielding a +0 trident.
The satyr unwields a +0 spear.
The satyr wields a +0 longbow.
The satyr shoots an arrow.
The arrow hits you!!
* * * LOW HITPOINT WARNING * * *
The satyr unwields a +0 club.
The satyr wields a +0 longbow.
The satyr shoots an arrow.
The arrow closely misses you.
The arrow hits the harpy!!
The merfolk hits you with a +0 trident!!
You die...

≈≈≈~..##...~
≈≈≈mP...... H.
≈≈≈~...P.~. . .
≈≈≈~...÷.~ .##.m
≈≈≈~....~# ..c#
≈≈≈~..)..+...)?
≈≈≈~...H.#Sc)÷#
≈≈≈~...H÷m#.#
≈≈≈~...)@cc~+
≈≈≈~.....c.~÷...
≈≈≈~..##.H.~...~
≈≈≈~.. #).)~.!..
≈≈≈~.. ....~.#m.
≈≈≈~~ P..÷~##~~
≈≈≈~~ P.~~~c
~~~~~~~.


You could see a sphinx, a merfolk avatar (mesmerising), 5 satyrs, a sea snake, a
merfolk aquamancer, 2 merfolk, a faun (strong), a manticore (wandering) and 2
harpies.

Vanquished Creatures
  Mara (Spider:4)
  Rupert (Lair:4)
  A kraken (Shoals:3)
  A sphinx (Shoals:4)
  Ilsuiw (Shoals:3)
  9 emperor scorpions
  4 ghost moths
  2 orc warlords
  A broodmother (Spider:3)
  Azrael (Orc:2)
  2 spark wasps
  5 entropy weavers
  3 merfolk javelineers (Shoals:3)
  4 merfolk impalers
  4 fire dragons
  Harold (D:9)
  3 boulder beetles
  A demonspawn (Orc:2)
  2 merfolk aquamancers
  3 hydras
  3 radroaches
  3 satyrs
  A catoblepas (Lair:5)
  3 jorogumos
  An alligator snapping turtle (Shoals:3)
  3 merfolk avatars (Shoals:3)
  3 two-headed ogres
  2 orc high priests (Orc:2)
  2 pharaoh ants
  A sun moth (Spider:1)
  Lodul (D:11)
  11 sea snakes
  4 skysharks
  10 orb spiders
  Pikel (D:6)
  A swamp dragon (Lair:5)
  2 lindwurms (Lair:5)
  3 steelbarb worms
  27 harpies
  An oklob plant (Lair:5)
  An ugly thing (D:12)
  8 orc knights
  8 wolf spiders
  21 fauns
  7 cyclopes
  9 orc sorcerers (Orc:2)
  3 moths of wrath
  Joseph (D:7)
  19 manticores
  6 merfolk sirens
  2 black mambas
  9 elephants
  5 water nymphs
  7 torpor snails
  2 gargoyles
  A smoke demon (Orc:2)
  3 demonic crawlers
  11 cane toads
  Psyche (D:11)
  3 rime drakes
  15 komodo dragons
  A kobold demonologist (D:9)
  24 merfolk
  A red devil (Orc:2)
  3 tyrant leeches (Lair:5)
  A polar bear (D:11)
  7 trolls
  9 tarantellas
  12 hornets
  2 wind drakes
  5 blink frogs (Lair:1)
  10 jumping spiders
  4 centaur simulacra (D:11)
  5 snapping turtles
  33 yaks
  A vampire (D:12)
  7 culicivoras
  A wraith (D:12)
  12 spriggans (Lair:3)
  4 water elementals
  4 basilisks
  A chaos spawn (Orc:2)
  3 fire elementals (Orc:2)
  3 steam dragons
  5 wyverns
  29 redbacks
  Menkaure (D:7)
  3 wargs
  2 acid dragons (Lair:5)
  6 ice beasts
  14 water moccasins
  4 hell hounds (Orc:2)
  2 swamp drakes (Lair:5)
  A sky beast (D:6)
  43 orc warriors
  2 black bears
  18 ogres
  2 centaurs
  3 boggarts (Lair:3)
  12 wolves
  A phantom (D:7)
  Blork the orc (D:6)
  4 kobold brigands
  4 gnoll sergeants
  An earth elemental (D:11)
  10 bullfrogs
  3 scorpions
  10 wights
  21 killer bees
  2 howler monkeys (D:10)
  An electric eel (D:11)
  2 quasits
  3 gnoll boudas
  6 hounds
  A jelly (D:6)
  Crazy Yiuf (D:7)
  32 orc priests
  A sleepcap (D:5)
  7 iguanas
  12 hell rats
  14 orc wizards
  34 gnolls
  9 adders
  3 shadow imps (D:8)
  8 white imps
  4 ufetubi
  A worm (D:3)
  3 dart slugs
  95 orcs
  6 ball pythons
  4 endoplasms
  9 goblins
  7 hobgoblins
  A quokka (D:1)
  3 training dummies (Shoals:2)
  4 bats
  4 frilled lizards
  21 kobolds
  A rat (D:2)
  3 tentacles (Shoals:3)
932 creatures vanquished.

Vanquished Creatures (collateral kills)
  A jumping spider (Spider:1)
1 creature vanquished.

Vanquished Creatures (others)
  An orc high priest (Orc:2)
  A basilisk (Lair:5)
  6 ball lightnings
  A tentacle (Shoals:3)
9 creatures vanquished.

Grand Total: 942 creatures vanquished

Notes
Turn   | Place    | Note
-------+----------+-------------------------------------------
     0 | D:1      | Esekla the Deep Elf Wanderer began the quest for the Orb.
     0 | D:1      | Esekla set off with the following items: a +0 club, a
                  | potion of lignification, a +0 robe, a +0 buckler; and the
                  | following spells available to memorise: Apportation, Blink,
                  | Lesser Beckoning, Magic Dart, Ignite Poison, Vampiric
                  | Draining.
     0 | D:1      | Reached XP level 1. HP: 10/10 MP: 7/7
     2 | D:1      | Learned a level 1 spell: Magic Dart
     4 | D:1      | Learned a level 1 spell: Apportation
   800 | D:4      | Found a radiant altar of Vehumet.
   811 | D:4      | Found an iron altar of Okawaru.
   819 | D:4      | Found a glowing silver altar of Zin.
   902 | D:4      | Became a worshipper of Vehumet
  1033 | D:3      | Reached XP level 2. HP: 15/15 MP: 9/9
  1035 | D:3      | Reached skill level 5 in Spellcasting
  1038 | D:3      | Learned a level 2 spell: Blink
  1294 | D:3      | Identified the +5 rapier of the Hero {heavy, rN+ Dex+3}
  1319 | D:2      | Found Renulab's Jewellery Shop.
  1415 | D:2      | Reached skill level 1 in Dodging
  1479 | D:1      | Reached XP level 3. HP: 18/19 MP: 11/11
  1489 | D:1      | Reached * piety under Vehumet
  1489 | D:1      | Offered knowledge of Freeze by Vehumet.
  1494 | D:1      | Learned a level 3 spell: Vampiric Draining
  1496 | D:1      | Learned a level 1 spell: Freeze
  1544 | D:1      | Reached skill level 1 in Necromancy
  1651 | D:1      | Learned a level 3 spell: Teleport Other
  2075 | D:3      | Found a stormy altar of Qazlal.
  2093 | D:3      | Reached skill level 1 in Conjurations
  2093 | D:3      | Reached XP level 4. HP: 19/24 MP: 8/13
  2136 | D:3      | Found a bloodstained altar of Trog.
  2139 | D:3      | Found a hazy altar of Hepliaklqana.
  2657 | D:2      | Reached skill level 6 in Spellcasting
  2657 | D:2      | Reached XP level 5. HP: 23/28 MP: 4/15
  2743 | D:2      | Found a faded altar of an unknown god.
  2808 | D:2      | Noticed a black bear
  2825 | D:2      | Killed a black bear
  2826 | D:2      | Reached skill level 1 in Short Blades
  3100 | D:4      | Found Ponaysk's Antique Weapon Boutique.
  3254 | D:4      | Reached ** piety under Vehumet
  3254 | D:4      | Offered knowledge of Poisonous Vapours by Vehumet.
  3255 | D:4      | Reached XP level 6. HP: 32/32 MP: 5/17
  3275 | D:3      | Learned a level 2 spell: Poisonous Vapours
  3279 | D:3      | Learned a level 3 spell: Ignite Poison
  3369 | D:4      | Found a glowing golden altar of the Shining One.
  3400 | D:4      | Reached skill level 7 in Spellcasting
  3583 | D:5      | Entered Level 5 of the Dungeon
  3586 | D:5      | Got the Parchment of the Lumpy Olives
  3599 | D:5      | Found a shadowy altar of Dithmenos.
  3734 | D:5      | Reached skill level 1 in Transmutations
  3862 | D:5      | Reached skill level 8 in Spellcasting
  3881 | D:5      | Reached XP level 7. HP: 28/36 MP: 20/20
  3979 | D:5      | Reached skill level 1 in Poison Magic
  4567 | D:5      | Reached skill level 1 in Ice Magic
  4599 | D:5      | Offered knowledge of Frozen Ramparts by Vehumet.
  4604 | D:5      | Learned a level 3 spell: Frozen Ramparts
  4776 | D:6      | Reached skill level 1 in Fire Magic
  4815 | D:6      | Reached skill level 1 in Air Magic
  4815 | D:6      | Reached XP level 8. HP: 41/41 MP: 16/22
  4916 | D:6      | Noticed Blork the orc
  4927 | D:6      | Killed Blork the orc
  4928 | D:6      | Reached skill level 9 in Spellcasting
  5160 | D:6      | Found a staircase to the Ecumenical Temple.
  5163 | D:6      | Noticed Pikel
  5466 | D:6      | Found a blossoming altar of Fedhas.
  5626 | D:7      | Found a runed translucent door.
  5627 | D:7      | Noticed Crazy Yiuf
  5637 | D:7      | Killed Crazy Yiuf
  5749 | D:7      | Reached *** piety under Vehumet
  5797 | D:7      | You fall into a shaft and drop 1 floor!
  5800 | D:8      | Found a transporter.
  5801 | D:8      | Found a transporter.
  5802 | D:8      | Found a transporter.
  5803 | D:8      | Found a transporter.
  5880 | D:8      | Offered knowledge of Airstrike by Vehumet.
  5896 | D:8      | Noticed a two-headed ogre
  5899 | D:8      | Learned a level 4 spell: Airstrike
  5902 | D:8      | Killed a two-headed ogre
  5903 | D:8      | Reached skill level 10 in Spellcasting
  5903 | D:8      | Reached XP level 9. HP: 45/45 MP: 3/25
  5976 | D:8      | Found a hide-covered altar of Uskayaw.
  6263 | D:8      | Reached **** piety under Vehumet
  6311 | D:8      | Offered knowledge of Freezing Cloud by Vehumet.
  6447 | D:7      | Learned a level 5 spell: Freezing Cloud
  7199 | D:7      | Noticed Joseph
  7271 | D:6      | Killed Pikel
  7272 | D:6      | Reached skill level 5 in Dodging
  7272 | D:6      | Reached skill level 11 in Spellcasting
  7624 | D:7      | Killed Joseph
  7625 | D:7      | Reached skill level 5 in Necromancy
  7625 | D:7      | Reached XP level 10. HP: 50/50 MP: 25/27
  7748 | D:7      | Noticed Menkaure
  8006 | D:7      | Killed Menkaure
  8006 | D:7      | Reached ***** piety under Vehumet
  8175 | D:9      | Found a flagged portal.
  8179 | D:9      | Offered knowledge of Fulminant Prism by Vehumet.
  8194 | Bailey   | Entered a bailey
  8357 | Bailey   | Identified the +2 bardiche of Puhoisos {heavy, rElec
                  | Stlth+}
  8519 | Bailey   | Noticed an orc knight
  8519 | Bailey   | Noticed an orc knight
  8766 | Bailey   | Reached skill level 1 in Long Blades
  8779 | Bailey   | Killed an orc knight
  8827 | Bailey   | Killed an orc knight
  8998 | D:9      | Reached skill level 12 in Spellcasting
  9021 | D:9      | Reached skill level 1 in Fighting
  9169 | D:9      | Found a sparkling altar of Nemelex Xobeh.
  9236 | D:9      | Noticed Harold
  9242 | D:9      | Killed Harold
  9243 | D:9      | Reached skill level 5 in Ice Magic
  9306 | D:9      | Noticed a cyclops
  9311 | D:9      | Killed a cyclops
  9312 | D:9      | Reached XP level 11. HP: 57/57 MP: 29/29
  9346 | D:9      | Reached skill level 5 in Air Magic
  9579 | D:9      | Noticed a two-headed ogre
  9582 | D:9      | Killed a two-headed ogre
  9621 | D:10     | Entered Level 10 of the Dungeon
  9633 | D:10     | Offered knowledge of Arcjolt by Vehumet.
  9835 | D:10     | Learned a level 5 spell: Arcjolt
  9840 | D:10     | Found a sacrificial altar of Ru.
  9847 | D:10     | Reached skill level 13 in Spellcasting
  9900 | D:11     | Reached skill level 5 in Conjurations
 10240 | D:10     | Found a staircase to the Orcish Mines.
 10788 | D:12     | Learned a level 2 spell: Wereblood
 10882 | D:12     | Learned a level 5 spell: Fireball
 10995 | D:12     | Found a portal to a secret trove of treasure.
 11041 | D:12     | Reached skill level 14 in Spellcasting
 11101 | D:11     | Got Simple Magic
 11129 | D:11     | Learned a level 3 spell: Mephitic Cloud
 11552 | D:2      | Bought the ring of the Mage {Wiz Archmagi} for 714 gold
                  | pieces
 11552 | D:2      | Found the ring of the Mage {Wiz Archmagi}
 11705 | D:11     | Found a staircase to the Lair.
 11720 | D:11     | Reached XP level 12. HP: 50/66 MP: 32/32
 11810 | Lair:1   | Entered Level 1 of the Lair of Beasts
 12969 | Lair:2   | Reached skill level 15 in Spellcasting
 12969 | Lair:2   | Reached skill level 1 in Earth Magic
 13300 | D:11     | Noticed Lodul
 13302 | D:11     | Offered knowledge of Conjure Ball Lightning by Vehumet.
 13304 | D:11     | Killed Lodul
 13305 | D:11     | Reached skill level 5 in Fighting
 13385 | D:11     | Found Fagafuf's Pet Rocks.
 13650 | D:11     | Noticed Psyche
 13695 | D:11     | Noticed a two-headed ogre
 13698 | D:11     | Killed a two-headed ogre
 13727 | D:11     | Killed Psyche
 14065 | Lair:2   | Reached skill level 16 in Spellcasting
 14073 | Lair:2   | Learned a level 6 spell: Conjure Ball Lightning
 14286 | Lair:2   | Found a staircase to the Shoals.
 14315 | Lair:2   | Found a transporter.
 14315 | Lair:2   | Found a transporter.
 14316 | Lair:2   | Noticed a boulder beetle
 14316 | Lair:2   | Noticed a boulder beetle
 14328 | Lair:2   | Killed a boulder beetle
 14328 | Lair:2   | Killed a boulder beetle
 14329 | Lair:2   | Reached XP level 13. HP: 73/73 MP: 35/35
 14570 | Lair:3   | Found a hole to the Spider Nest.
 14642 | Lair:3   | Identified the +3 leather armour of Okawaru's Inspiration
                  | {Str+4}
 14908 | Lair:3   | Reached skill level 17 in Spellcasting
 15013 | Lair:3   | Offered knowledge of Iskenderun's Battlesphere by Vehumet.
 15648 | Lair:4   | Noticed Rupert
 15660 | Lair:4   | Killed Rupert
 16402 | Orc:1    | Entered Level 1 of the Orcish Mines
 16740 | D:2      | Bought the ring of Greed {rElec rPois rN+ AC+4 Str-2} for
                  | 758 gold pieces
 16936 | Orc:2    | Entered Level 2 of the Orcish Mines
 16974 | Orc:2    | Found a staircase to the Elven Halls.
 16992 | Orc:2    | Noticed an orc warlord
 17020 | Orc:2    | Killed an orc warlord
 17178 | Orc:2    | Reached skill level 18 in Spellcasting
 17501 | Orc:2    | Reached skill level 5 in Earth Magic
 17625 | Orc:2    | Reached XP level 14. HP: 80/80 MP: 34/38
 17643 | Orc:2    | Found Roezostra's General Store.
 17676 | Orc:2    | Found Bamnuus's General Store.
 17692 | Orc:2    | Bought a scroll of identify for 34 gold pieces
 17730 | Orc:2    | Noticed Azrael
 17737 | Orc:2    | Killed Azrael
 17989 | Orc:2    | Reached ****** piety under Vehumet
 18147 | Orc:2    | Reached skill level 5 in Fire Magic
 18175 | Orc:2    | Reached skill level 1 in Throwing
 18185 | Orc:2    | Offered knowledge of Lee's Rapid Deconstruction by Vehumet.
 18192 | Orc:2    | Learned a level 5 spell: Lee's Rapid Deconstruction
 18230 | Orc:2    | Found Huzal's Antique Armour Boutique.
 18230 | Orc:2    | Found Jyohez's Book Shop.
 18235 | Orc:2    | Found a one-way gate leading to the halls of Pandemonium.
 18237 | Orc:2    | Bought a runed helmet for 270 gold pieces
 18464 | Lair:5   | Entered Level 5 of the Lair of Beasts
 18522 | Lair:5   | Reached skill level 10 in Necromancy
 18524 | Lair:5   | Reached skill level 19 in Spellcasting
 19134 | Lair:5   | Found a viscous altar of Jiyva.
 19134 | Lair:5   | Found a staircase to the Slime Pits.
 19183 | Lair:5   | Found a runed translucent door.
 19210 | Lair:5   | Reached skill level 10 in Dodging
 19863 | Orc:2    | Bought a Young Poisoner's Handbook for 300 gold pieces
 19868 | Orc:2    | Learned a level 4 spell: Olgreb's Toxic Radiance
 19926 | Orc:1    | Noticed an orc warlord
 19936 | Orc:1    | Killed an orc warlord
 19946 | Orc:1    | Offered knowledge of Spellforged Servitor by Vehumet.
 20700 | Lair:5   | Reached skill level 20 in Spellcasting
 20702 | Lair:5   | Reached skill level 10 in Air Magic
 20702 | Lair:5   | Reached XP level 15. HP: 86/86 MP: 24/41
 20742 | Lair:5   | Got Utragud's Papyrus of the Inquisitive Olives
 21694 | Spider:1 | Entered Level 1 of the Spider Nest
 21726 | Spider:1 | Identified the +1 pair of boots of Piysunuo {Str+3}
 22578 | Spider:1 | Acquired a book of Alchemy
 22580 | Spider:1 | Acquired 851 gold pieces
 22581 | Spider:1 | Acquired a +4 quick blade of protection
 22841 | D:2      | Bought a ring of see invisible for 210 gold pieces
 23033 | Trove    | Entered a treasure trove
 23042 | Trove    | Identified the ring of Akemeir {Fire Str+4}
 23058 | Trove    | Identified the ring of Descent {rPois rC+ Int+5 Stlth-}
 23066 | Trove    | Identified the +3 ring mail "Poady" {+Inv rF+ Dex+2 Slay-4}
 23087 | D:12     | Learned a level 4 spell: Sticky Flame
 24314 | Spider:3 | Noticed an emperor scorpion
 24503 | Spider:3 | Killed an emperor scorpion
 24504 | Spider:3 | Reached skill level 21 in Spellcasting
 24782 | Spider:3 | Noticed an emperor scorpion
 24798 | Spider:3 | Killed an emperor scorpion
 25000 | Spider:3 | Reached skill level 5 in Translocations
 25782 | Spider:4 | Entered Level 4 of the Spider Nest
 25782 | Spider:4 | Noticed Mara
 25793 | Spider:4 | Noticed Esekla's illusion
 25795 | Spider:4 | Killed Mara
 25985 | Spider:4 | Noticed an emperor scorpion
 26003 | Spider:3 | Killed an emperor scorpion
 26653 | Spider:4 | Reached XP level 16. HP: 95/95 MP: 38/43
 26771 | Spider:4 | Reached skill level 22 in Spellcasting
 27665 | Spider:4 | Got a gossamer rune of Zot
 28288 | Shoals:1 | Entered Level 1 of the Shoals
 29204 | Shoals:2 | Reached skill level 10 in Fighting
 29299 | Shoals:2 | Reached skill level 23 in Spellcasting
 30103 | Shoals:2 | Found Biskeott's Firing Range.
 30137 | Shoals:3 | Noticed Ilsuiw
 30151 | Shoals:3 | Reached skill level 5 in Poison Magic
 30153 | Shoals:3 | Killed Ilsuiw
 30154 | Shoals:3 | Reached XP level 17. HP: 54/102 MP: 27/46
 30380 | Shoals:3 | Noticed a kraken
 30385 | Shoals:3 | Killed a kraken
 30531 | Shoals:3 | Found Zemonaik's Distillery.
 30551 | Shoals:3 | Bought a potion of might for 60 gold pieces
 30551 | Shoals:3 | Bought a potion of cancellation for 120 gold pieces
 30551 | Shoals:3 | Bought a potion of heal wounds for 75 gold pieces
 30551 | Shoals:3 | Bought a potion of heal wounds for 75 gold pieces
 30551 | Shoals:3 | Bought 2 potions of heal wounds for 150 gold pieces
 31458 | Shoals:2 | Identified the +1 animal skin "Kougi" {rPois rF++ MP+9}
 31479 | Shoals:4 | Entered Level 4 of the Shoals
 31618 | Shoals:4 | Reached skill level 24 in Spellcasting
 31773 | Shoals:3 | Learned a level 5 spell: Irradiate
 31988 | Shoals:4 | Offered knowledge of Iron Shot by Vehumet.
 31990 | Shoals:4 | Mangled by a merfolk

Illustrated notes

Levels and vault maps discovered:
D:1:      sevenhm_arrival_forest_fort_small_3, layout_rooms,
          chequers_serial_rivers_room_b, minmay_misc_feat_five
D:2:      layout_loops_ring, dreamdust_ecumenical_altar_angels_and_demons,
          serial_shops, shop
D:3:      layout_basic, grunt_temple_overflow_open, minmay_misc_feat_iff
D:4:      layout_basic, nicolae_overflow_quartered_altars, serial_shops,
          nicolae_diamond_shop
D:5:      layout_loops_ring, lemuel_doored_altar, minmay_misc_feat_rows,
          dreamdust_wishing_well
D:6:      layout_loops_cross, fedhas_altar_fruit_tree,
          minmay_temple_entry_glass, uniq_pikel, uniq_blork_the_orc
D:7:      layout_basic, uniq_menkaure, uniq_joseph, uniq_crazy_yiuf_cottage
D:8:      layout_basic, nicolae_uskayaw_dance_hall, serial_demonic,
          serial_demonic_d, serial_demonic_a, serial_demonic_c,
          serial_demonic_c, nicolae_diode_quadrants
D:9:      layout_irregular_city, kennysheep_little_box, enter_bailey_4,
          minmay_between, uniq_harold
D:10:     layout_basic, nicolae_ru_awakened_eye
D:11:     layout_rooms, hellmonk_lair_entry_icy, serial_ice, serial_ice_j,
          serial_ice_m, serial_ice_o, serial_ice_c, serial_ice_g, serial_ice_f,
          guppyfry_shop_earth, uniq_psyche, uniq_lodul
D:12:     layout_roguey, nicolae_trove_entry_crossroad
Lair:1:   layout_small_grid
Lair:2:   gammafunk_boulding_lane, layout_small_grid, elwin_shoals_entry_rooms
Lair:3:   kb_forest_paths, layout_chaotic_city, spider_nest_entry_rubble
Lair:4:   layout_hall_layers, grunt_megastairs_3, lemuel_fruit_fields,
          uniq_rupert
Lair:5:   guppyfry_lair_end_dragon, layout_misc_corridors, wormcave,
          dpeg_slime_entry_enclosed
Shoals:1: layout_shoals, nicolae_shoals_nautilus_by_nature
Shoals:2: argonaut_golden_fleece, layout_shoals, nicolae_shop_firing_range
Shoals:3: layout_shoals, serial_shops, shop, nicolae_shoals_lost_giant_hut,
          uniq_ilsuiw
Shoals:4: shoals_end_hellmonk_lost_city, serial_shops
Spider:1: layout_spider_delve, nicolae_spider_some_kinda_spiderbox
Spider:2: layout_spider_delve, nicolae_spider_twisty_arc_passages
Spider:3: layout_chambers, nicolae_orb_stairs
Spider:4: grunt_spider_rune_circles, guppyfry_hornet_nest, uniq_mara
Orc:1:    layout_caves
Orc:2:    pf_orc_diabolical, layout_diamond_mine, uniq_azrael

Skill      XL: |  1  2  3  4  5  6  7  8  9 10 11 12 13 14 15 16 17 |
---------------+----------------------------------------------------+-----
Spellcasting   | 5 6 8 10 11 12 14 16 18 20 21 23 24 | 24.0
Dodging        | 1 2 3 5 6 7 8 9 10 11 12 | 12.7
Necromancy     | 1 2 3 4 5 6 7 8 9 10 11 | 11.4
Stealth        | 2 3 4 |  4.1
Conjurations   | 1 3 4 5 6 |  6.1
Short Blades   | 1 2 |  2.1
Shields        | 2 3 |  3.6
Transmutations | 1 2 3 4 |  4.0
Poison Magic   | 2 3 4 5 |  5.9
Ice Magic      | 1 2 4 5 6 7 |  7.2
Fire Magic     | 1 2 3 4 5 6 |  6.9
Air Magic      | 1 2 3 4 6 7 8 10 11 | 11.2
Long Blades    | 1 2 |  2.6
Fighting       | 2 4 5 6 7 8 10 11 | 11.1
Translocations | 3 4 5 |  5.5
Earth Magic    | 3 5 6 7 9 |  9.6
Throwing       | 1 |  1.6
Invocations    | |  1.0
Evocations     | |  0.7

Action                     |  1- 3 |  4- 6 |  7- 9 | 10-12 | 13-15 | 16-18 || total
---------------------------+-------+-------+-------+-------+-------+-------++-------
  Melee: Short sword       |    75 |    46 |       |       |       |       ||   121
         Rapier            |       |    10 |    51 |    16 |     6 |       ||    83
         Dagger            |       |     8 |    71 |       |       |       ||    79
         Scimitar          |       |       |       |    81 |    71 |       ||   152
         Quick blade       |       |       |       |       |    42 |   168 ||   210
  Throw: Dart              |       |     4 |     1 |       |       |       ||     5
         Boomerang         |       |       |       |     6 |    25 |    11 ||    42
   Cast: Apportation       |    32 |    14 |    33 |    36 |    55 |    31 ||   201
         Magic Dart        |    45 |    32 |     8 |     1 |       |       ||    86
         Vampiric Draining |     1 |    19 |    15 |    32 |    53 |    45 ||   165
         Poisonous Vapours |       |     2 |   123 |   177 |   260 |   133 ||   695
         Ignite Poison     |       |       |    39 |    79 |   164 |   102 ||   384
         Frozen Ramparts   |       |       |     2 |    15 |    26 |    10 ||    53
         Airstrike         |       |       |     2 |    15 |    10 |    12 ||    39
         Blink             |       |       |     1 |     2 |    11 |     7 ||    21
         Fireball          |       |       |       |    11 |     7 |     5 ||    23
         Wereblood         |       |       |       |     8 |    26 |    13 ||    47
         Freezing Cloud    |       |       |       |     6 |    46 |    27 ||    79
         Mephitic Cloud    |       |       |       |     6 |    22 |       ||    28
         Olgreb's Toxic Ra |       |       |       |       |    15 |    22 ||    37
         Sticky Flame      |       |       |       |       |    10 |    13 ||    23
         Conjure Ball Ligh |       |       |       |       |     1 |     1 ||     2
         Irradiate         |       |       |       |       |       |     4 ||     4
  Evoke: Wand              |       |     2 |     6 |    23 |       |       ||    31
    Use: Scroll            |     1 |       |    10 |    10 |    20 |     3 ||    44
         Potion            |       |       |     2 |     1 |     3 |     4 ||    10
   Stab: Sleeping          |     5 |     2 |     5 |     4 |     2 |     1 ||    19
 Armour: Robe              |    16 |    15 |    59 |       |       |       ||    90
         Steam dragon scal |       |       |    15 |    65 |   188 |   187 ||   455
         Skin              |       |       |     4 |       |       |       ||     4
  Dodge: Dodged            |    48 |    41 |   132 |   137 |   260 |   316 ||   934
         Repelled          |       |       |       |       |       |     4 ||     4
  Block: Buckler           |    18 |    12 |    49 |    50 |    71 |    79 ||   279
